 Dungeon Crawl Stone Soup version 0.27-a0-1060-gcb85b5eba1 (webtiles) character file.

Game seed: 17971089411371889931

56 kae the Ruffian (level 3, -4/31 HPs)
             Began as a Naga Transmuter on Apr 21, 2021.
             Slain by a water moccasin (7 damage)
             ... on level 2 of the Dungeon.
             The game lasted 00:01:12 (2173 turns).

kae the Ruffian (Naga Transmuter)                   Turns: 2173, Time: 00:01:13

Health: -4/31      AC:  2    Str: 13    XL:     3   Next: 97%
Magic:  5/6        EV: 10    Int: 13    God:
Gold:   35         SH:  0    Dex: 11    Spells: 5/6 levels left

rFire    . . .     SeeInvis +     - Unarmed
rCold    . . .     Faith    .   (no shield)
rNeg     . . .     Spirit   .   a - +0 robe
rPois    +         Reflect  .   (helmet currently unavailable)
rElec    .         Harm     .   (no cloak)
rCorr    .         Rampage  .   (no gloves)
Will     .....                  (no barding)
Stlth    +.........             (no amulet)
HPRegen  0.10/turn              (no ring)
MPRegen  0.10/turn              (no ring)

@: brilliant, lethally poisoned (-4 -> -15), appendages, very slow
A: horns 2, AC +1, large, see invisible, deformed body, poison resistance,
slowness 2, spit poison 1, naga tail 1
a: Spit Poison, End Transformation


You were on level 2 of the Dungeon.
You had temporarily grown beastly horns.
You visited 1 branch of the dungeon, and saw 2 of its levels.

You collected 35 gold pieces.

Inventory:

Armour
 a - a +0 robe (worn)
Scrolls
 e - 2 scrolls of fog
Potions
 b - 2 potions of flight


   Skills:
 + Level 1.5 Fighting
 + Level 1.9 Dodging
 * Level 3.5 Unarmed Combat
 + Level 2.3 Spellcasting
 * Level 2.7 Transmutations


You had 5 spell levels left.
You knew the following spells:

 Your Spells              Type           Power      Damage    Failure   Level
a - Beastly Appendage     Tmut           26%        N/A       8%          1

Your spell library contained the following spells:

 Spells                   Type           Power      Damage    Failure   Level
 Wereblood                Tmut           13%        N/A       12%         2
 Spider Form              Tmut/Pois      3%         N/A       38%         3
 Ice Form                 Ice/Tmut       7%         N/A       80%         4
 Hydra Form               Tmut           6%         N/A       91%         5


Dungeon Overview and Level Annotations

Branches:
Dungeon (2/15)

Altars:


Innate Abilities, Weirdness & Mutations

You have temporarily grown beastly horns.
Your serpentine skin is tough. (AC +1)
You have supernaturally acute eyesight. (SInv)
Armour fits poorly on your strangely shaped body.
Your system is resistant to poisons. (rPois)
You cover ground very slowly.
You can spit poison.
You have a snake-like lower body.


Message History

You don't know that spell.
You can't do that yet.
Okay, then.
As you read the scroll labelled JUEVYU KURABB, it crumbles to dust.
It is a scroll of amnesia.
Really abort (and waste the scroll)?
Okay, then.
The water moccasin bites you.
As you read the scroll labelled DONUENU CISUH, it crumbles to dust.
It is a scroll of identify.
b - 2 potions of flight The water moccasin bites you.
As you read the scroll labelled TAGHYE MEHAN, it crumbles to dust.
The scroll dissolves into smoke.
It was a scroll of fog.
The water moccasin bites you. The water moccasin barely misses you.
Okay, then.
It was a potion of brilliance.
You feel clever all of a sudden. The water moccasin barely misses you.
Casting: Beastly Appendage (safe; 8% risk of failure)
Confirm with . or Enter, or press ? or * to list all spells.
You feel a surge of power!
You grow a pair of large bovine horns.
You have got your breath back.
The water moccasin closely misses you. The water moccasin bites you.
The water moccasin barely misses you.
Press: ? - help, Shift-Dir - straight line, f/p - water moccasin
Aim: a water moccasin (grey smoke)
The splash of poison misses the water moccasin.
The water moccasin barely misses you.
You closely miss the water moccasin. The water moccasin bites you!
The water moccasin bites you but does no damage.
You closely miss the water moccasin. The water moccasin barely misses you.
You closely miss the water moccasin. The water moccasin barely misses you.
You closely miss the water moccasin.
You have got your breath back.
The water moccasin bites you!
* * * LOW HITPOINT WARNING * * *
You are lethally poisoned!
The water moccasin poisons you! The water moccasin bites you!
You die...

#...........
#.##..###.#.
#.....# #.#
#.##### #.#
#.#######.# #+#
#........<####.#
#.#####.......§#
#.# #.######§##
#.# #.# #@§.#
#.# #.#..§§S§..#
#..
.....§§.§§§§...
###
#.....§§§...###
#..........##
#.#...#...## #
.......##
#######.#


You could see a water moccasin.

Vanquished Creatures
  A gnoll (D:1)
  An adder (D:2)
  A dart slug (D:1)
  4 endoplasms (D:1)
  A giant cockroach (D:2)
  2 goblins (D:1)
  4 hobgoblins (D:1)
  6 jackals (D:1)
  A kobold (D:1)
  3 quokkas (D:1)
  A ball python (D:1)
  2 bats (D:1)
  A frilled lizard (D:1)
  A rat (D:2)
29 creatures vanquished.

Notes
Turn   | Place    | Note
-------+----------+-------------------------------------------
     0 | D:1      | kae the Naga Transmuter began the quest for the Orb.
     0 | D:1      | Reached XP level 1. HP: 18/18 MP: 3/3
    87 | D:1      | Reached XP level 2. HP: 16/25 MP: 5/5
   524 | D:1      | Reached XP level 3. HP: 20/31 MP: 4/6
   985 | D:1      | Found a faded altar of an unknown god.
  2159 | D:2      | Noticed a water moccasin
  2173 | D:2      | Slain by a water moccasin

Illustrated notes

Levels and vault maps discovered:
D:1:      minmay_arrival_semitransparent, layout_basic,
          hellmonk_ecumenical_altar_dog_temple
D:2:      layout_loops_corners, uniq_sigmund, uniq_crazy_yiuf_cottage,
          uniq_jessica

Action                   || total
-------------------------++-------
Melee: Unarmed           ||    88
       Headbutt          ||     4
 Cast: Beastly Appendage ||    15
 Abil: Spit Poison       ||    19
  Use: Scroll            ||     3
       Potion            ||     1
Armor: Robe              ||    30
Dodge: Dodged            ||    80

Table legend: (Time is in decaauts)
 A = Elapsed time spent in this place.
 B = Non-inter-level travel time spent in this place.
 C = Inter-level travel time spent in this place.
 D = Time resting spent in this place.
 E = Time spent auto-exploring this place.
 F = Levels seen in this place.
 G = Mean time per level.
                   A        B        C        D        E       F      G
               +--------+--------+--------+--------+--------+-----+--------+
         Total |   2500 |   2470 |     30 |     23 |   2222 |   2 | 1250.0 |
       Dungeon |   2500 |   2470 |     30 |     23 |   2222 |   2 | 1250.0 |
               +--------+--------+--------+--------+--------+-----+--------+

Top non-repeatable levels by time:
     D:1: 2147 daAuts
     D:2: 353 daAuts
